AoeStats
← 血刃

African Clearing

510398702Analyzed
2v2 RM · 15h ago on Sep 30, 2026· 24m 12s· 4 players
Game mode
Random Map
Map size
Medium (4 player)
Population
200
Speed
Normal
Resources
Standard
Victory
Conquest
Starting age
Dark Age
Ending age
Imperial Age
RankedLock teamsTeams togetherTeam positionsShared explorationLock speedFull tech treeHidden civsTurbo modeCheats
Victory
Defeat
🇧🇷 Spanish · Brazil
1593
+13
🇩🇪 Goths · Germany
1463
+17
🇺🇦 Danes · Ukraine
1562
-17
1459
-13
血刃
5:17 Loom
12:32 Feudal Age
16:34 Castle Age
19:25 Double-Bit Axe
I_hate_arabia
3:36 Loom
14:11 Feudal Age
14:40 Double-Bit Axe
14:59 Man-at-Arms
15:55 Scale Mail Armor
15:54 Town Watch
17:02 Forging
20:26 Castle Age
20:32 Long Swordsman
Reibekuchen mit Schmand
9:52 Loom
12:23 Feudal Age
12:52 Double-Bit Axe
12:48 Horse Collar
14:05 Forging
22:10 Castle Age
20:34 Fishing Lines
Rude Unhinged POS
11:28 Loom
14:03 Feudal Age
14:48 Double-Bit Axe
15:32 Double-Bit Axe
18:20 Castle Age
18:56 Fletching
19:30 Bow Saw
20:32 Bodkin Arrow
22:29 Gold Mining
23:03 Town Watch
Connection lost

Rejoining the realm…

Still unreachable

The connection could not be restored.

Session expired

The server has moved on; the page needs a fresh start.